 Dungeon Crawl Stone Soup version 0.31.0-9-g3a7656b989 (webtiles) character file.

Game seed: 14446838763274158809

233 qw the Shooter (level 5, -2/42 HPs)
             Began as a Demigod Hunter on Feb 2, 2024.
             Slain by an orc wizard
             ... wielding a +0 dagger
              (3 damage)
             ... on level 3 of the Dungeon.
             The game lasted 00:00:05 (1453 turns).

qw the Shooter (Demigod Hunter)                     Turns: 1453, Time: 00:00:05

Health: -2/42      AC:  6    Str: 12    XL:     5   Next: 46%
Magic:  7/7        EV: 12    Int: 11    God:
Gold:   91         SH:  0    Dex: 21    Spells: 4/4 levels left

rFire   . . .        a - +1 shortbow
rCold   . . .        (shield currently unavailable)
rNeg    . . .        c - +0 leather armour
rPois   .            (no helmet)
rElec   .            (no cloak)
rCorr   .            (no gloves)
SInv    .            e - +2 pair of boots
Will    .....        (no amulet)
Stlth   ++           (no ring)
HPRegen 0.27/turn    (no ring)
MPRegen 0.10/turn

%: no passive effects
@: no status effects
A: high MP 1, forlorn, divine attributes
a: no special abilities


You were on level 3 of the Dungeon.
You visited 1 branch of the dungeon, and saw 4 of its levels.

You collected 91 gold pieces.


Innate Abilities, Weirdness & Mutations

You have an increased reservoir of magic. (+10% MP)
You shall have no god before yourself.
Your divine heritage dramatically boosts your attributes as you level up.


   Skills:
 + Level 2.4 Fighting
 - Level 6.1 Ranged Weapons
 - Level 2.0 Dodging
 - Level 0.8 Stealth


You had 4 spell levels left.
You didn't know any spells.
Your spell library was empty.

Inventory:

Hand Weapons
 a - a +1 shortbow (weapon)
Armour
 c - a +0 leather armour (worn)
 e - a +2 pair of boots (worn)
Potions
 b - a potion of heal wounds {unknown}
 d - a potion of degeneration {unknown}
 f - a potion of curing {unknown}
 g - a potion of might {unknown}
 h - a potion of mutation {unknown}
 j - a potion of invisibility {unknown}

Dungeon Overview and Level Annotations

Branches:
Dungeon (4/15)
 Temple: D:4-7


Message History

An orc comes into view. It is wielding a +0 flail.
You shoot an arrow. The arrow barely misses the orc wizard.
You shoot an arrow.
The arrow closely misses the orc wizard.
The orc wizard casts a spell at you. The magic dart hits you.
An orc comes into view. It is wielding a +0 dagger.
You shoot an arrow. The arrow barely misses the orc wizard.
The orc shouts!
You shoot an arrow. The arrow misses the orc wizard.
You hear some strange, mumbled words.
A puff of flame appears from out of thin air!
The puff of flame hits you!
The orc wizard hits you but does no damage.
You shoot an arrow. The arrow hits the orc wizard.
The orc wizard is heavily wounded.
The orc wizard misses you.
You shoot an arrow. The arrow hits the orc wizard.
The orc wizard is severely wounded.
The orc wizard hits you with a +0 dagger.
Something hits you but does no damage. The orc hits you but does no damage.
You shoot an arrow.
The arrow completely misses the orc wizard.
The orc wizard hits you with a +0 dagger.
The orc hits you with a +0 morningstar.
You hear some strange, mumbled words.
A magic dart appears from out of thin air!
The magic dart hits you.
You shoot an arrow.
The arrow hits the orc wizard but does no damage.
The orc wizard is severely wounded.
The orc wizard hits you with a +0 dagger.
The orc hits you with a +0 morningstar. Something barely misses you.
You shoot an arrow. The arrow hits the orc wizard!
You kill the orc wizard!
The orc barely misses you. Something hits you.
You shoot an arrow. The arrow hits the orc.
The orc is moderately wounded.
The orc closely misses you. Something hits you.
You die...

... .# #.. .. .# #.# #!
#. #.# #. ##.. #.#
#.##.. ....# #.# oo#.#
....# ##.# ##o#.# ....#
#..####{@).#
....#####.......#..#
....#.....########.##
##.).....>..........#
...####.###########....#
..>####.# .##.#
#.......# .# # #.###...#
.# #. #...## .#


You could see 3 orcs.

Vanquished Creatures
  A phantom (D:3)
  A bombardier beetle (D:4)
  An orc priest (D:4)
  An orc wizard (D:3)
  A dart slug (D:2)
  3 orcs (D:4)
  4 ball pythons
  4 bats
  4 endoplasms
  3 giant cockroaches (D:1)
  2 goblins
  7 hobgoblins
  4 jackals (D:2)
  2 quokkas
  2 frilled lizards (D:1)
  7 kobolds
  3 rats
50 creatures vanquished.

Notes
Turn   | Place    | Note
-------+----------+-------------------------------------------
     0 | D:1      | qw the Demigod Hunter began the quest for the Orb.
     0 | D:1      | Reached XP level 1. HP: 17/17 MP: 3/3
     0 | D:1      | 0 ||| qw: Version: 0.3-a-155-g5e7d8dd
     0 | D:1      | 0 ||| qw: Game counter: 5
     0 | D:1      | 0 ||| qw: Melee chars always use a shield: true
     0 | D:1      | 0 ||| qw: God list: Okawaru
     0 | D:1      | 0 ||| qw: Allow faded altars: false
     0 | D:1      | 0 ||| qw: Do Orc after clearing Dungeon:15 true
     0 | D:1      | 0 ||| qw: Do second Lair branch before Depths: true
     0 | D:1      | 0 ||| qw: Lair rune preference: random
     0 | D:1      | 0 ||| qw: Goals: Normal
     0 | D:1      | 0 ||| PLANNING D:1-11
   220 | D:1      | Reached skill level 4 in Ranged Weapons
   354 | D:1      | Reached XP level 2. HP: 24/24 MP: 4/4
   861 | D:1      | 861 ||| UPGRADING to +2 pair of boots.
   866 | D:1      | 866 ||| DROPPING +6 ring of intelligence.
   867 | D:1      | 867 ||| READING scroll labelled RALULA ITAABUY.
   968 | D:1      | 968 ||| DROPPING scroll of butterflies.
  1118 | D:2      | Reached XP level 3. HP: 29/29 MP: 5/5
  1269 | D:2      | You fall into a shaft and drop 2 floors!
  1352 | D:4      | Reached skill level 5 in Ranged Weapons
  1352 | D:4      | Reached XP level 4. HP: 36/36 MP: 6/6
  1354 | D:4      | 1354 ||| READING scroll labelled BESINUTOTUR.
  1354 | D:4      | 1354 ||| ENCHANTING +0 shortbow.
  1385 | D:3      | Noticed a phantom
  1402 | D:3      | Killed a phantom
  1403 | D:3      | Reached skill level 6 in Ranged Weapons
  1403 | D:3      | Reached XP level 5. HP: 33/41 MP: 7/7
  1450 | D:3      | HP: 6/41 [something/magic dart (6)]
  1451 | D:3      | HP: 2/41 [orc/+0 morningstar (2)]
  1453 | D:3      | Slain by an orc wizard

Levels and vault maps discovered:
D:1:      tarquinn_simple_flora_water_b, layout_basic,
          hellmonk_ecumenical_altar_run_dry
D:2:      layout_rooms, minivault_14, minmay_misc_feat_roman,
          minmay_tiny_reverse_x, uniq_terence, uniq_jessica
D:3:      layout_rooms, zin_scriptorium
D:4:      layout_loops_cross, old_standard_altar, uniq_grinder

Skill      XL: |  1  2  3  4 |
---------------+-------------+-----
Ranged Weapons | 4 5 6 |  6.1
Fighting       | 2 |  2.4
Dodging        | 2 |  2.0
Stealth        | |  0.8

Action                     |  1- 3 |  4- 6 || total
---------------------------+-------+-------++-------
   Fire: Shortbow          |   128 |    34 ||   162
    Use: Scroll            |     1 |     1 ||     2
 Armour: Leather armour    |    20 |    24 ||    44
  Dodge: Dodged            |    34 |     8 ||    42

Table legend:
 A = Non-vault XP
 B = Vault XP
 C = Vault XP percentage of total XP
 D = Non-vault monster count
 E = Vault monster count
 F = Vault count percentage of total count
                 A         B        C        D         E       F
            +---------+---------+-------+---------+---------+-------
      Total |     334 |       0 |   0.0 |      50 |       0 |   0.0
            +---------+---------+-------+---------+---------+-------
        D:1 |      35 |       0 |   0.0 |      20 |       0 |   0.0
        D:2 |      33 |       0 |   0.0 |      17 |       0 |   0.0
        D:3 |     153 |       0 |   0.0 |       3 |       0 |   0.0
        D:4 |     113 |       0 |   0.0 |      10 |       0 |   0.0
            +---------+---------+-------+---------+---------+-------
